AoeStats
← tonyborder

Arena

503802280Analyzed
4v4 RM · 1mo ago on Sep 2, 2026· 47m 8s· 8 players
Game mode
Random Map
Map size
Large (8 player)
Population
200
Speed
Normal
Resources
Standard
Victory
Conquest
Starting age
Dark Age
Ending age
Imperial Age
RankedLock teamsTeams togetherTeam positionsShared explorationLock speedFull tech treeHidden civsTurbo modeCheats
Victory
Defeat
🇨🇳 Huns · China
996
+11
🇨🇳 Jurchens · China
977
+12
🇦🇷 Persians · Argentina
963
+12
🇨🇳 Turks · China
956
+13
🇹🇷 Bohemians · Türkiye
932
-14
🇹🇼 Franks · Taiwan
889
-12
🇲🇺 Celts · Mauritius
881
-12
839
-10
Buzzleclairrr
8:41 Loom
10:54 Feudal Age
11:25 Double-Bit Axe
11:32 Gold Mining
11:25 Horse Collar
18:41 Castle Age
26:37 Forging
26:27 Scale Mail Armor
25:54 Pikeman
26:23 Gambesons
37:09 Iron Casting
36:49 Chain Mail Armor
37:55 Heavy Plow
38:07 Bow Saw
41:59 Imperial Age
42:19 Halberdier
small650305
10:38 Feudal Age
11:33 Double-Bit Axe
18:52 Castle Age
16:41 Loom
19:44 Scale Barding Armor
19:50 Forging
20:01 Gold Mining
20:39 Husbandry
22:58 Iron Casting
23:14 Bow Saw
37:23 Imperial Age
35:44 Gold Shaft Mining
35:00 Stone Mining
36:13 Pikeman
36:54 Squires
37:29 Scale Mail Armor
37:51 Chain Barding Armor
38:21 Wheelbarrow
37:32 Town Watch
37:31 Halberdier
38:31 Cavalier
41:20 Gambesons
44:01 Plate Barding Armor
44:27 Blast Furnace
44:18 Chain Mail Armor
Thats How We do action in Uganda
3:08 Loom
13:49 Feudal Age
14:14 Horse Collar
17:56 Castle Age
16:07 Double-Bit Axe
16:34 Gold Mining
17:10 Stone Mining
20:08 Bow Saw
20:29 Heavy Plow
24:09 Gold Shaft Mining
24:27 Wheelbarrow
23:37 Town Watch
24:26 Ballistics
26:04 Stone Shaft Mining
26:46 Hand Cart
26:31 Murder Holes
31:20 Imperial Age
28:47 Fletching
28:49 Crossbowman
30:03 Masonry
30:08 Thumb Ring
30:10 Padded Archer Armor
31:21 Bodkin Arrow
31:42 Leather Archer Armor
31:41 Arbalester
32:26 Bracer
34:23 Chemistry
34:02 Heavy Scorpion
35:23 Husbandry
34:44 Cavalier
37:14 Ring Archer Armor
36:50 Scale Barding Armor
36:56 Forging
39:48 Halberdier
40:29 Squires
40:53 Chain Barding Armor
41:09 Iron Casting
40:34 Scale Mail Armor
41:03 Torsion Engines
41:24 Conscription
44:05 Blast Furnace
44:56 Chain Mail Armor
46:21 Architecture
45:57 Siege Engineers
47:01 Plate Mail Armor
Darkness SOUL
0:29 Loom
6:49 Loom
11:02 Feudal Age
15:19 Castle Age
13:22 Double-Bit Axe
15:35 Horse Collar
26:05 Imperial Age
24:06 Heavy Plow
25:12 Bow Saw
25:38 Fervor
26:22 Wheelbarrow
27:40 Chemistry
28:31 Two-Man Saw
29:40 Hand Cart
31:18 Conscription
33:48 Pikeman
34:29 Squires
34:16 Arson
34:29 Town Watch
38:30 Halberdier
42:04 Forging
41:54 Scale Mail Armor
42:00 Scale Mail Armor
伐伐伐伐伐木工
11:55 Feudal Age
16:25 Castle Age
14:26 Horse Collar
14:44 Double-Bit Axe
18:41 Heavy Plow
18:55 Bow Saw
22:11 Gold Mining
28:40 Imperial Age
25:59 Loom
26:33 Bloodlines
27:05 Husbandry
27:16 Stone Mining
28:08 Wheelbarrow
28:05 Ballistics
27:56 Scale Barding Armor
28:01 Forging
29:09 Chain Barding Armor
28:53 Marauders
30:05 Conscription
30:03 Hand Cart
30:35 Iron Casting
32:30 Chemistry
33:16 Plate Barding Armor
33:41 Blast Furnace
35:26 Elite Tarkan
36:03 Town Watch
37:02 Gold Shaft Mining
37:43 Two-Man Saw
GucciStone666
1:52 Loom
11:40 Feudal Age
17:12 Castle Age
15:18 Horse Collar
15:54 Double-Bit Axe
16:26 Stone Mining
17:05 Gold Mining
20:55 Gambesons
21:19 Town Watch
24:21 Murder Holes
26:30 Heavy Plow
28:00 Wheelbarrow
39:05 Imperial Age
37:10 Hand Cart
37:09 Bow Saw
37:38 Gold Shaft Mining
39:28 Husbandry
39:46 Bloodlines
41:09 Conscription
40:33 Elite Steppe Lancer
42:00 Forging
41:56 Scale Barding Armor
43:11 Crop Rotation
46:48 Chain Barding Armor
tonyborder
0:28 Loom
11:14 Feudal Age
15:07 Castle Age
14:08 Horse Collar
14:58 Double-Bit Axe
25:46 Heavy Plow
25:48 Gold Mining
26:14 Bow Saw
26:53 Wheelbarrow
27:55 Hand Cart
28:16 Bloodlines
28:09 Husbandry
29:43 Scale Barding Armor
34:15 Chain Barding Armor
34:07 Forging
38:35 Imperial Age
37:13 Gold Shaft Mining
37:21 Iron Casting
38:23 Cavalier
40:11 Plate Barding Armor
39:38 Savar
43:13 Blast Furnace
45:15 Crop Rotation
45:51 Two-Man Saw
~斑驳~
10:07 Feudal Age
12:10 Loom
14:57 Castle Age
13:23 Double-Bit Axe
13:31 Horse Collar
25:46 Imperial Age
24:31 Padded Archer Armor
24:22 Fletching
24:52 Heavy Plow
25:04 Bow Saw
27:39 Wheelbarrow
27:52 Leather Archer Armor
32:08 Town Watch
33:32 Parthian Tactics
33:03 Bodkin Arrow
33:41 Ballistics
33:47 Heavy Cavalry Archer
35:09 Bracer
36:46 Ring Archer Armor
36:22 Scale Barding Armor
36:27 Forging
36:30 Bloodlines
37:37 Guilds
38:02 Hand Cart
39:30 Sipahi
39:31 Conscription
39:29 Gold Mining
39:30 Stone Mining
40:13 Thumb Ring
40:38 Sanctity
40:29 Fervor
40:38 Guilds
42:23 Chain Barding Armor
42:39 Iron Casting
42:07 Husbandry
43:43 Gold Shaft Mining
43:34 Bombard Tower
44:45 Two-Man Saw
45:26 Plate Barding Armor
45:51 Blast Furnace
46:19 Masonry
45:49 Treadmill Crane
46:05 Murder Holes
Connection lost

Rejoining the realm…

Still unreachable

The connection could not be restored.

Session expired

The server has moved on; the page needs a fresh start.